 Dungeon Crawl Stone Soup version 0.31-a0-175-g9f7f995f2b (webtiles) character file.

Game seed: 10865222926784357504

53 qw the Chopper (level 3, -1/23 HPs)
             Began as a Gargoyle Fighter on June 17, 2023.
             Splashed by a jelly's acid (7 damage)
             ... on level 2 of the Dungeon.
             The game lasted 00:00:39 (1078 turns).

qw the Chopper (Gargoyle Fighter)                   Turns: 1078, Time: 00:00:40

Health: -1/23      AC: 10    Str: 27    XL:     3   Next: 89%
Magic:  0/3        EV:  9    Int:  8    God:
Gold:   65         SH:  4    Dex:  9    Spells: 2/2 levels left

rFire   . . .        Y - +0 war axe
rCold   . . .        c - +0 buckler
rNeg    + . .        b - +0 scale mail
rPois   inf          (no helmet)
rElec   +            (no cloak)
rCorr   .            (no gloves)
SInv    .            (no boots)
Will    .....        f - amulet of guardian spirit Stlth
                     j - +6 ring of strength
HPRegen 0.23/turn    (no ring)
MPRegen 0.08/turn

%: guardian spirit
@: no status effects
A: sickness immunity, AC +3, negative energy resistance 1, electricity
resistance, torment resistance 1, petrification resistance
a: no special abilities


You were on level 2 of the Dungeon.
You visited 1 branch of the dungeon, and saw 2 of its levels.

You collected 65 gold pieces.


Innate Abilities, Weirdness & Mutations

You are immune to sickness and miasma.
Your stone body is resilient. (AC +3)
You are immune to poison.
You resist negative energy. (rN+)
You are resistant to electric shocks. (rElec)
You are resistant to unholy torment.
You are immune to petrification.


   Skills:
 - Level 3.2 Fighting
 + Level 3.7 Axes
 - Level 3.2 Armour
 - Level 3.2 Shields


You had 2 spell levels left.
You didn't know any spells.
Your spell library was empty.

Inventory:

Hand Weapons
 h - a +0 whip
 Y - a +0 war axe (weapon)
Armour
 b - a +0 scale mail (worn)
 c - a +0 buckler (worn)
 g - a +0 pair of boots
Jewellery
 f - an amulet of guardian spirit (around neck)
 j - a +6 ring of strength (left hand)
Scrolls
 e - a scroll of teleportation
Potions
 a - a potion of experience {unknown}
 d - a potion of might

Dungeon Overview and Level Annotations

Branches:
Dungeon (2/15)

Altars:

Shops:
D:1 [


Message History

You kill the endoplasm!
The endoplasm hits the toadstool.
The jelly hits the fungus.
The fungus begins to die.
The fungus is splashed with acid.
The acid corrodes the fungus!
You hit the endoplasm.
The endoplasm is almost dead.
The endoplasm hits the toadstool.
The toadstool is destroyed!
The endoplasm hits you but does no damage.
The endoplasm freezes you.
You are frozen.
You slash the endoplasm!
You kill the endoplasm!
You hit the jelly.
Your hands burn!
The jelly is lightly wounded.
You hit the endoplasm.
A nearby fungus withers and dies.
The endoplasm freezes you.
You are frozen.
The jelly closely misses you.
The endoplasm hits the fungus.
The fungus begins to die.
The endoplasm hits the fungus.
The fungus begins to die.
You slash the endoplasm!
You kill the endoplasm!
You hit the jelly.
Your hands burn!
The endoplasm hits the fungus.
The jelly closely misses you.
The endoplasm hits the fungus. x2
The endoplasm hits you but does no damage.
The jelly closely misses you.
You hit the jelly.
Your hands burn!
The jelly is severely wounded.
You hit the endoplasm.
The endoplasm hits the fungus. x2
The jelly jiggles.
The jelly hits you but does no damage.
You completely miss the jelly.
The jelly is severely wounded.
You hit the jelly.
Your hands burn!
A nearby fungus withers and dies.
The jelly hits you.
You are splashed with acid!
You die...

#.......# ##.##
#.......# ##...#
#.......#####..#..
#.[.....##.##..>.#
#....######...#.##
#....'..####......
########.##...#.##
##.....)####.#..#
#@####### ##.##.#
#.JJ...%.. #..##.#
#.PJJJP... #####.#
#%..P.P%P. ####..#
#...P..... #...#.#
#%P...%.P. #####.#
#.P.P%P..(
#.....##
##########
##.....< #.#####


You could see 2 jellies and 3 endoplasms.

Vanquished Creatures
  An adder (D:2)
  A dart slug (D:2)
  2 ball pythons
  9 endoplasms
  2 giant cockroaches (D:1)
  4 goblins
  2 hobgoblins
  7 kobolds (D:2)
  A quokka (D:2)
  3 bats
  3 frilled lizards (D:1)
35 creatures vanquished.

Notes
Turn   | Place    | Note
-------+----------+-------------------------------------------
     0 | D:1      | qw the Gargoyle Fighter began the quest for the Orb.
     0 | D:1      | Reached XP level 1. HP: 14/14 MP: 1/1
     0 | D:1      | 0 ||| qw: Version: 0.3-a-2-g5ab2908
     0 | D:1      | 0 ||| qw: Game counter: 292
     0 | D:1      | 0 ||| qw: Always use a shield: true
     0 | D:1      | 0 ||| qw: God list: Okawaru
     0 | D:1      | 0 ||| qw: Allow faded altars: false
     0 | D:1      | 0 ||| qw: Do Orc after D:15 true
     0 | D:1      | 0 ||| qw: Do second Lair branch before Depths: true
     0 | D:1      | 0 ||| qw: Lair rune preference: random
     0 | D:1      | 0 ||| qw: Plans: Normal, Zot:1-4, Slime:5, God:TSO, Crypt,
                  | Tomb, Abyss, Pan, Hells, Win
     0 | D:1      | 0 ||| PLANNING D:1-11
    38 | D:1      | Found Qakav's Antique Armour Emporium.
    47 | D:1      | 47 ||| SHOPLISTING bloodstained ring mail (243 gold, have
                  | 0).
    47 | D:1      | 47 ||| SHOPLISTING glowing chain mail (202 gold, have 0).
    47 | D:1      | 47 ||| SHOPLISTING helmet (121 gold, have 0).
    47 | D:1      | 47 ||| SHOPLISTING runed leather armour (135 gold, have 0).
   176 | D:1      | 176 ||| Stepping ~*~*~tactically~*~*~ (stealth).
   224 | D:1      | Reached XP level 2. HP: 19/19 MP: 2/2
   423 | D:1      | 423 ||| Stepping ~*~*~tactically~*~*~ (stealth).
   712 | D:1      | 712 ||| UPGRADING to amulet of guardian spirit.
   717 | D:1      | 717 ||| UPGRADING to +6 ring of strength.
   718 | D:1      | 718 ||| READING scroll labelled OCOUXEOCETS.
   719 | D:1      | 719 ||| READING scroll labelled JUPPEPNARPHA.
   722 | D:1      | 722 ||| READING scroll labelled PUX UBA ASO.
   723 | D:1      | 723 ||| READING scroll labelled IKYDO RUQAFYWI.
   799 | D:2      | 799 ||| Stepping ~*~*~tactically~*~*~ (hiding).
   806 | D:2      | Reached skill level 3 in Axes
   809 | D:2      | Reached XP level 3. HP: 23/23 MP: 3/3
   823 | D:2      | Found a faded altar of an unknown god.
   824 | D:2      | 824 ||| Stepping ~*~*~tactically~*~*~ (stealth).
   851 | D:2      | 851 ||| FLEEEEING.
  1043 | D:2      | 1043 ||| DROPPING +0 club.
  1078 | D:2      | Splashed by a jelly's acid

Levels and vault maps discovered:
D:1:      tarquinn_simple_flora_water_f, layout_loops_cross, serial_shops, shop,
          hangedman_decor_riveting, dreamdust_princess_bridge
D:2:      cheibrodos_fertilizer, layout_loops_ring,
          shapermc_ecumenical_altar_mp_ritualfount

Skill      XL: |  1  2 |
---------------+-------+-----
Axes           | 2 3 |  3.7
Fighting       | |  3.2
Armour         | |  3.2
Shields        | |  3.2

Action                     || total
---------------------------++-------
  Melee: War axe           ||   110
    Use: Scroll            ||     4
 Armour: Scale mail        ||    58
  Dodge: Dodged            ||    66
  Block: Buckler           ||    19

Table legend:
 A = Non-vault XP
 B = Vault XP
 C = Vault XP percentage of total XP
 D = Non-vault monster count
 E = Vault monster count
 F = Vault count percentage of total count
                 A         B        C        D         E       F
            +---------+---------+-------+---------+---------+-------
      Total |      53 |      24 |  31.2 |      22 |      13 |  37.1
            +---------+---------+-------+---------+---------+-------
        D:1 |      22 |       0 |   0.0 |      13 |       0 |   0.0
        D:2 |      31 |      24 |  43.6 |       9 |      13 |  59.1
            +---------+---------+-------+---------+---------+-------
